AoeStats
← areozi

Arabia

510633181Analyzed
1v1 RM · 1d ago on Oct 1, 2026· 50m 29s· 2 players
Game mode
Random Map
Map size
Tiny (2 player)
Population
200
Speed
Normal
Resources
Standard
Victory
Conquest
Starting age
Dark Age
Ending age
Imperial Age
RankedLock teamsTeams togetherTeam positionsShared explorationLock speedFull tech treeHidden civsTurbo modeCheats
Victory
Defeat
🇨🇱 Varangians · Chile
903
+13
🇫🇷 Mongols · France
842
-13
Codicia01
2:32 Loom
9:50 Feudal Age
10:23 Double-Bit Axe
12:54 Wheelbarrow
11:46 Man-at-Arms
15:12 Forging
15:41 Horse Collar
23:03 Castle Age
21:27 Bloodlines
21:28 Stone Mining
22:26 Town Watch
23:01 Scale Barding Armor
24:41 Hand Cart
27:20 Heavy Plow
27:32 Bow Saw
29:20 Stone Shaft Mining
30:41 Elite Skirmisher
32:19 Fletching
32:58 Padded Archer Armor
33:12 Gold Mining
34:58 Iron Casting
35:01 Chain Barding Armor
35:46 Bodkin Arrow
36:06 Leather Archer Armor
38:00 Ballistics
37:22 Treadmill Crane
37:52 Vendel Legacy
38:47 Scale Mail Armor
42:06 Imperial Age
40:22 Husbandry
39:44 Light Cavalry
42:10 Chain Mail Armor
42:21 Elite Jarl
43:05 Bracer
43:36 Ring Archer Armor
44:08 Conscription
44:31 Plate Barding Armor
44:57 Blast Furnace
45:36 Two-Man Saw
45:09 Crop Rotation
45:56 Hussar
47:32 Onager
areozi
5:23 Loom
12:32 Feudal Age
22:37 Castle Age
24:38 Fletching
24:50 Padded Archer Armor
24:55 Scale Barding Armor
30:01 Double-Bit Axe
33:23 Herbal Medicine
33:37 Bodkin Arrow
40:43 Imperial Age
40:19 Husbandry
40:32 Bloodlines
40:35 Town Watch
43:36 Fortified Wall
45:45 Light Cavalry
49:12 Hussar
Connection lost

Rejoining the realm…

Still unreachable

The connection could not be restored.

Session expired

The server has moved on; the page needs a fresh start.